 Dungeon Crawl Stone Soup version 0.30-a0-140-gd1020e658a (webtiles) character file.

Game seed: 17220435246901447399

3544 bande the Cleaver (level 10, -7/61 HPs)
             Began as a Gargoyle Fighter on Sept 25, 2022.
             Was an Elder of Okawaru.
             Mangled by a death yak (8 damage)
             ... on level 7 of the Dungeon.
             The game lasted 00:13:37 (8402 turns).

bande the Cleaver (Gargoyle Fighter)                Turns: 8402, Time: 00:13:38

Health: -7/61      AC: 21    Str: 20    XL:     10   Next: 9%
Magic:  14/14      EV:  7    Int:  9    God:    Okawaru [****..]
Gold:   844        SH: 11    Dex: 13    Spells: 9/9 levels left

rFire   . . .      SeeInvis .    a - +0 war axe (flame)
rCold   . . .      Faith    .    c - +1 buckler
rNeg    + . .      Spirit   .    n - +0 chain mail
rPois   ∞          Reflect  +    o - +0 helmet
rElec   +          Harm     .    m - +0 cloak
rCorr   .          Rampage  .    (no gloves)
Will    .....                    g - +0 pair of boots
Stlth   ..........               q - amulet of reflection
HPRegen 0.20/turn                k - +4 ring of slaying
MPRegen 0.14/turn                v - +4 ring of slaying

@: mighty
A: sickness immunity, AC +7, negative energy resistance 1, electricity
resistance, torment resistance 1, petrification resistance
a: Renounce Religion, Heroism, Finesse


You were on level 7 of the Dungeon.
You worshipped Okawaru.
Okawaru was greatly pleased with you.
You visited 1 branch of the dungeon, and saw 8 of its levels.
You also visited: Ossuary.

You collected 858 gold pieces.
You spent 14 gold pieces at shops.

Inventory:

Hand Weapons
 a - a +0 war axe of flaming (weapon)
Armour
 c - a +1 buckler (worn)
 g - a +0 pair of boots (worn)
 m - a +0 cloak (worn)
 n - a +0 chain mail (worn)
 o - a +0 helmet (worn)
Jewellery
 k - a +4 ring of slaying (left hand)
 l - an amulet of regeneration
 q - an amulet of reflection (around neck)
 s - a ring of resist corrosion
 v - a +4 ring of slaying (right hand)
Wands
 x - a wand of roots (30)
Scrolls
 e - 8 scrolls of teleportation
 j - 5 scrolls of magic mapping
 y - a scroll of fear
 z - a scroll of torment {unknown}
Potions
 d - 4 potions of might
 f - a potion of brilliance
 h - 3 potions of cancellation
 i - a potion of lignification {unknown}
 p - 3 potions of flight
 r - a potion of invisibility
 t - 4 potions of curing
 u - a potion of mutation
 w - 2 potions of ambrosia


   Skills:
 + Level 6.6 Fighting
 + Level 8.4 Axes
 + Level 6.5 Armour
 + Level 5.5 Shields
 * Level 5.9 Invocations
 * Level 3.6 Evocations


You had 9 spell levels left.
You didn't know any spells.
Your spell library contained the following spells:

 Spells                   Type           Power      Damage    Failure   Level
 Beastly Appendage        Tmut           0%         N/A       99%         1
 Slow                     Hex            0%         N/A       99%         1
 Sting                    Tmut/Pois      0%         1d3       99%         1
 Ignite Poison            Fire/Tmut/Pois 0%         N/A       100%        3
 Kindle Blastsparks       Fire/Tloc/Air  0%         2d10      100%        3
 Anguish                  Hex/Necr       0%         N/A       100%        4
 Fulminant Prism          Conj/Hex       0%         3d6       100%        4
 Iskenderun's Mystic Bla  Conj/Tloc      0%         2d3       100%        4
 Lee's Rapid Deconstruct  Erth           0%         3d5*      100%        5
 Enfeeble                 Hex            0%         N/A       100%        7
 Summon Guardian Golem    Hex/Summ       Unusable   N/A       N/A         3
 Tukima's Dance           Hex            Unusable   N/A       N/A         3

Dungeon Overview and Level Annotations

Branches:
Dungeon (8/15)             Temple (0/1) D:6         Ossuary (visited)
   Lair: D:8-11

Altars:
Gozag
Kikubaaqudgha
Okawaru
Wu Jian
The Shining One

Shops:
D:3 ?   D:6 *


Innate Abilities, Weirdness & Mutations

You are immune to sickness and miasma.
Your stone body is resilient. (AC +7)
You are immune to poison.
You resist negative energy. (rN+)
You are resistant to electric shocks. (rElec)
You are resistant to unholy torment.
You are immune to petrification.


Message History

Unknown command.
You hit the death yak. You burn the death yak.
The death yak is lightly wounded.
You completely miss the death yak. The death yak gores you!!
The death yak gores you but does no damage.
Unknown command.
You slice the death yak!! You burn the death yak.
The death yak is moderately wounded.
You barely miss the death yak. You block the death yak's attack. x2
You hit the death yak but do no damage.
The death yak is moderately wounded.
You barely miss the death yak. The death yak gores you!!
* * * LOW HITPOINT WARNING * * *
You block the death yak's attack.
Unknown command.
You slash the death yak! You burn the death yak.
The death yak is heavily wounded.
You hit the death yak. You burn the death yak.
The death yak gores you but does no damage.
The death yak gores you!
* * * LOW HITPOINT WARNING * * *
Unknown command.
Unknown command.
You feel much better. The death yak gores you.
* * * LOW HITPOINT WARNING * * *
The death yak gores you but does no damage.
You feel very mighty all of a sudden. You block the death yak's attack. x2
Unknown command.
You slash the death yak! You burn the death yak.
The death yak is severely wounded.
You hit the death yak. You burn the death yak. The death yak gores you!
* * * LOW HITPOINT WARNING * * *
You block the death yak's attack. The death yak gores you.
* * * LOW HITPOINT WARNING * * *
The death yak gores you but does no damage.
You barely miss the death yak.
The death yak is severely wounded.
You hit the death yak. You burn the death yak. The death yak gores you!
You die...

#### ...#####
...#...###########
.....<........oY@#
####...#######.Y##
#...# #.## #####
##.# #..# #.## #.#
#.# #.#


You could see 2 death yaks and an orc.

Vanquished Creatures
  A troll (D:5)
  Grum (D:8)
  Menkaure (D:5)
  A steam dragon (D:7)
  2 water moccasins
  2 ice beasts (D:6)
  2 wolves (D:8)
  3 centaurs
  A phantom (D:5)
  A kobold brigand (D:4)
  2 necrophages
  4 elf zombies (Ossuary)
  A scorpion (D:7)
  A bullfrog (D:6)
  10 wights
  6 howler monkeys
  3 centaur zombies (Ossuary)
  A human zombie (Ossuary)
  2 jellies
  4 orc priests
  2 hounds
  2 orc wizards
  An iguana (D:4)
  3 mummies
  8 gnolls
  7 adders
  3 ufetubi
  An adder zombie (Ossuary)
  2 worms
  3 dart slugs
  28 orcs
  2 ball pythons
  10 endoplasms
  A giant cockroach (D:1)
  4 goblins
  7 hobgoblins
  A quokka (D:3)
  4 bats
  2 frilled lizards (D:3)
  10 hobgoblin zombies (Ossuary)
  4 kobolds
  6 kobold zombies (Ossuary)
  11 orc zombies (Ossuary)
  A rat (D:1)
  A rat zombie (Ossuary)
173 creatures vanquished.

Notes
Turn   | Place    | Note
-------+----------+-------------------------------------------
     0 | D:1      | bande the Gargoyle Fighter began the quest for the Orb.
     0 | D:1      | Reached XP level 1. HP: 14/14 MP: 1/1
   236 | D:1      | Reached XP level 2. HP: 19/19 MP: 2/2
   555 | D:1      | Got the Textbook on the Figure
   858 | D:1      | Found a faded altar of an unknown god.
  1340 | D:2      | Reached skill level 2 in Axes
  1445 | D:2      | Reached XP level 3. HP: 18/23 MP: 3/3
  2174 | D:2      | Reached XP level 4. HP: 29/29 MP: 4/4
  2183 | D:3      | Reached skill level 3 in Axes
  2351 | D:3      | Reached XP level 5. HP: 18/33 MP: 5/5
  2609 | D:3      | Found Ronohe's Magic Scroll Boutique.
  2999 | D:3      | Found an iron altar of Okawaru.
  3006 | D:3      | Became a worshipper of Warmaster Okawaru
  3027 | D:3      | Got the Papyrus of Beguiling
  3222 | D:3      | Reached skill level 1 in Invocations
  3934 | D:4      | Reached skill level 4 in Axes
  3934 | D:4      | Reached XP level 6. HP: 36/38 MP: 6/6
  3995 | D:4      | Found a sand-covered staircase.
  4005 | Ossuary  | Entered an ossuary
  4482 | Ossuary  | Reached * piety under Okawaru
  4525 | Ossuary  | Reached XP level 7. HP: 16/44 MP: 8/8
  4782 | Ossuary  | Reached skill level 5 in Axes
  4803 | Ossuary  | Reached ** piety under Okawaru
  5040 | D:4      | Reached skill level 5 in Fighting
  5667 | D:5      | Entered Level 5 of the Dungeon
  5675 | D:5      | Reached XP level 8. HP: 49/49 MP: 10/10
  5747 | D:5      | Reached skill level 6 in Axes
  5763 | D:5      | Identified a scroll of acquirement
  5763 | D:5      | Acquired 357 gold pieces
  5930 | D:5      | Noticed Menkaure
  5935 | D:5      | Killed Menkaure
  5941 | D:5      | Reached skill level 5 in Armour
  6233 | D:5      | Noticed a troll
  6242 | D:5      | Killed a troll
  6242 | D:5      | Reached *** piety under Okawaru
  6243 | D:5      | Reached skill level 1 in Evocations
  6620 | D:5      | Found an ornate altar of the Wu Jian Council.
  6620 | D:5      | Found an opulent altar of Gozag.
  6707 | D:6      | Reached skill level 7 in Axes
  6738 | D:6      | Reached XP level 9. HP: 33/55 MP: 12/12
  6871 | D:6      | Found Nutucsy's General Store.
  6874 | D:6      | Bought a potion of degeneration for 14 gold pieces
  7048 | D:6      | Found a staircase to the Ecumenical Temple.
  7284 | D:7      | Reached **** piety under Okawaru
  7405 | D:7      | Reached skill level 5 in Invocations
  7586 | D:7      | Reached skill level 5 in Shields
  7611 | D:7      | Found an ancient bone altar of Kikubaaqudgha.
  7634 | D:7      | Identified the +1 ring mail "Poechunu" {Drain +Inv rElec
                  | Dex+3}
  7940 | D:8      | Noticed Grum
  7950 | D:8      | Killed Grum
  7951 | D:8      | Reached skill level 8 in Axes
  8293 | D:8      | Found a glowing golden altar of the Shining One.
  8307 | D:8      | Reached XP level 10. HP: 58/61 MP: 14/14
  8343 | D:8      | Noticed a death yak
  8344 | D:8      | Noticed a death yak
  8345 | D:8      | Noticed a death yak
  8391 | D:8      | Noticed a death yak
  8398 | D:7      | HP: 3/61 [death yak (11)]
  8401 | D:7      | HP: 1/61 [death yak (4)]
  8402 | D:7      | Mangled by a death yak

Illustrated notes

Levels and vault maps discovered:
D:1:      dpeg_arrival_simpleton_c, layout_basic,
          shapermc_ecumenical_altar_mp_vishouse, minivault_26
D:2:      layout_basic, minmay_misc_feat_ornament
D:3:      layout_basic, mainiacjoe_overflow_six_doors_small, serial_shops,
          shop_coins
D:4:      layout_cave_pools, gup_ossuary_entry_pyramid
D:5:      layout_loops_ring, gammafunk_temple_overflow_wave, uniq_menkaure
D:6:      layout_rooms, nicolae_overflow_hidden_temple,
          minmay_temple_entry_grid, serial_shops, shop
D:7:      layout_basic, general_overflow_altar
D:8:      layout_cave_pools, mainiacjoe_overflow_brackets, tgw_fedhas,
          dpeg_lair_monsters, uniq_grum

Skill      XL: |  1  2  3  4  5  6  7  8  9 |
---------------+----------------------------+-----
Axes           | 2 3 4 5 7 8 |  8.4
Armour         | 4 5 6 |  6.5
Fighting       | 4 5 6 |  6.6
Invocations    | 1 2 3 4 5 |  5.9
Shields        | 4 5 |  5.5
Evocations     | 1 3 |  3.6

Action                   |  1- 3 |  4- 6 |  7- 9 | 10-12 || total
-------------------------+-------+-------+-------+-------++-------
Melee: War axe           |    50 |   160 |   204 |    27 ||   441
  Use: Scroll            |       |     4 |    17 |       ||    21
       Potion            |       |       |     1 |     2 ||     3
Armor: Scale mail        |    23 |    10 |       |       ||    33
       Chain mail        |       |    90 |   156 |    20 ||   266
Dodge: Dodged            |    29 |    65 |    76 |     2 ||   172
Block: Buckler           |    13 |    25 |    90 |    25 ||   153

Table legend: (Time is in decaauts)
 A = Elapsed time spent in this place.
 B = Non-inter-level travel time spent in this place.
 C = Inter-level travel time spent in this place.
 D = Time resting spent in this place.
 E = Time spent auto-exploring this place.
 F = Levels seen in this place.
 G = Mean time per level.
                   A        B        C        D        E       F      G
               +--------+--------+--------+--------+--------+-----+--------+
         Total |   8547 |   8409 |    138 |   2250 |   4642 |   9 |  949.7 |
       Dungeon |   7481 |   7343 |    138 |   1512 |   4546 |   8 |  935.1 |
       Ossuary |   1066 |   1066 |      0 |    738 |     96 |   1 | 1066.0 |
               +--------+--------+--------+--------+--------+-----+--------+

Top non-repeatable levels by time:
     D:2: 1547 daAuts
     D:3: 1396 daAuts
 Ossuary: 1066 daAuts
     D:1: 1025 daAuts
     D:4: 943 daAuts
     D:5: 775 daAuts
     D:7: 712 daAuts
     D:6: 582 daAuts
     D:8: 496 daAuts
